 Dungeon Crawl Stone Soup version 0.17-a0-1421-g95311d7 (webtiles) character file.

44 HEYYEYAAE the Gusty (level 3, -1/26 HPs)
             Began as a Human Air Elementalist on June 24, 2015.
             Slain by a worm (10 damage)
             ... on level 2 of the Dungeon.
             The game lasted 00:02:26 (948 turns).

HEYYEYAAE the Gusty (Human Air Elementalist)         Turns: 948, Time: 00:02:26

Health: -1/26      AC:  2    Str:  5 (8)  XL:     3   Next: 85%
Magic:  1/6        EV: 12    Int: 16      God:
Gold:   41         SH:  0    Dex: 13      Spells: 3 memorised, 0 levels left

rFire  . . .     SeeInvis .     p - +0 spear
rCold  . . .     Clarity  +     a - +0 robe
rNeg   . . .     SustAt   .     (no shield)
rPois  .         Gourm    .     (no helmet)
rElec  .         Spirit   .     (no cloak)
rCorr  .         Warding  .     (no gloves)
rMut   .         Stasis   .     (no boots)
MR     .....                    i - amulet of clarity
Stlth  ++........               (no ring)
                                (no ring)

@: very slightly contaminated, repel missiles, not resistant to hostile
enchantments, unstealthy
A: no striking features
a: no special abilities


You were on level 2 of the Dungeon.
You were not hungry.

You visited 1 branch of the dungeon, and saw 2 of its levels.

You collected 41 gold pieces.

Inventory:

Hand weapons
 k - a +0 short sword
 p - a +0 spear (weapon)
Armour
 a - a +0 robe (worn)
Jewellery
 i - an amulet of clarity (around neck)
Scrolls
 h - 6 scrolls of identify {unknown}
 m - 3 scrolls of enchant armour {unknown}
 n - a scroll of magic mapping {unknown}
 o - a scroll of remove curse {unknown}
Potions
 e - 2 potions of brilliance {unknown}
 f - 2 potions of lignification {unknown}
 l - a potion of curing
Books
 b - a book of Air

   Spells                             Type                      Level
   a - Shock                          Conjuration/Air              1
   b - Swiftness                      Charms/Air                   2
   c - Repel Missiles                 Charms/Air                   2
   d - Static Discharge               Conjuration/Air              3
   e - Lightning Bolt                 Conjuration/Air              5
Comestibles
 c - 3 bread rations
 d - 2 meat rations
 g - a beef jerky
 j - 4 fruits


   Skills:
 + Level 1.2 Fighting
 + Level 0.8 Armour
 + Level 2.3 Dodging
 - Level 2.0 Stealth
 + Level 2.1 Spellcasting
 * Level 1.6 Conjurations
 * Level 3.4 Air Magic


You couldn't memorise any spells.
You knew the following spells:

 Your Spells              Type           Power        Failure   Level  Hunger
a - Shock                 Conj/Air       #...         10%         1    #......
b - Static Discharge      Conj/Air       #.......     21%         3    ###....
c - Repel Missiles        Chrm/Air       #.....       17%         2    ###....


Dungeon Overview and Level Annotations

Branches:
Dungeon (2/15)

Altars:
Makhleb


Message History

A giant newt comes into view.
Things that are here:
a club; a hobgoblin corpse Attack whom?
Press: ? - help, Dir - move target cursor, f - worm
Aim: a worm You reach to attack!
You hit the worm.
The worm is lightly wounded.
You hit the worm.
The worm is moderately wounded.
The worm bites you.
You hit the worm.
The worm is heavily wounded.
You barely miss the worm.
The worm is heavily wounded.
The worm bites you! The giant newt misses you.
You hit the worm.
The worm is severely wounded.
The giant newt bites you. The worm bites you!
You die...

..#...................!
###.....................
##†....................
.....##.####............
........................
.......#.#..............
..#....._......?.......
.......#.#.........##+
............?...@l.#
.................w.#
###...................
........####..........
....... #..........
...... #...$......
######..... ##...


You could see a worm and a giant newt.

Vanquished Creatures
  An adder (D:2)
  A giant gecko (D:1)
  2 giant cockroaches (D:1)
  4 goblins
  5 hobgoblins
  3 jackals (D:1)
  2 kobolds (D:1)
  6 bats (D:1)
  4 giant newts
  5 rats
33 creatures vanquished.

Notes
Turn   | Place    | Note
--------------------------------------------------------------
     0 | D:1      | HEYYEYAAE the Human Air Elementalist began the quest for the Orb.
     0 | D:1      | Reached XP level 1. HP: 13/13 MP: 3/3
   200 | D:1      | Reached XP level 2. HP: 7/19 MP: 1/5
   472 | D:1      | Reached XP level 3. HP: 5/25 MP: 0/6
   477 | D:1      | Learned a level 3 spell: Static Discharge
   480 | D:1      | Learned a level 2 spell: Repel Missiles
   681 | D:1      | HP: 1/25 [hobgoblin/club (5)]
   827 | D:2      | Reached skill level 1 in Fighting
   922 | D:2      | Found a burning altar of Makhleb.
   948 | D:2      | Slain by a worm

Vault maps used:
D:1:      minmay_arrival_three_doors, minmay_quantized
D:2:      lemuel_crystal_altar, first_bread

Action                   || total
-------------------------++-------
Melee: Unarmed           ||    25
       Short sword       ||    18
       Spear             ||     7
 Cast: Shock             ||    46
       Repel Missiles    ||     1
  Use: Potion            ||     2
 Stab: Sleeping          ||     3
  Eat: Chunk             ||     1
